 Dungeon Crawl Stone Soup version 0.22.1-1-ga44c0e5 (webtiles) character file.

105 libra1 the Ruffian (level 4, 45/45 HPs)
             Began as a Troll Berserker on Oct 27, 2018.
             Was a Believer of Trog.
             Got out of the dungeon alive.
             The game lasted 00:39:02 (1996 turns).

libra1 the Ruffian (Troll Berserker)                Turns: 1996, Time: 00:39:03

Health: 45/45      AC:  5    Str: 26    XL:     4   Next: 53%
Magic:  3/3        EV: 10    Int:  3    God:    Trog [**....]
Gold:   52         SH:  0    Dex:  9    Spells: 3/3 levels left

rFire    . . .     SeeInvis .     - Unarmed
rCold    . . .     Gourm    +   (no shield)
rNeg     . . .     Faith    .   a - +0 animal skin
rPois    .         Spirit   .   (helmet restricted)
rElec    .         Reflect  .   (no cloak)
rCorr    .         Harm     .   (gloves unavailable)
MR       .....                  (boots unavailable)
Stlth    +.........             (no amulet)
HPRegen  0.55/turn              (no ring)
MPRegen  0.08/turn              (no ring)

@: no status effects
A: large, unfitting armour, claws 3, fast metabolism 3, gourmand, regeneration
1, shaggy fur 1, tough skin 2
a: Berserk, Trog's Hand, Renounce Religion


You escaped.
You worshipped Trog.
Trog was pleased with you.
You were not hungry.

You visited 1 branch of the dungeon, and saw 2 of its levels.

You collected 52 gold pieces.

Inventory:

Hand Weapons
 e - a +0 dagger
 i - a +0 hunting sling
 l - a +0 short sword
 q - a +0 hunting sling
 x - a +0 hand axe
 y - a +1 spear of venom
 z - a +0 mace
 A - a +0 falchion
Missiles
 f - 26 stones (quivered)
 j - 33 poisoned needles
 n - 6 javelins
 s - 15 arrows
Armour
 a - a +0 animal skin (worn)
 d - a +0 leather armour
 w - a +2 ring mail of fire resistance
Scrolls
 c - 10 scrolls of identify {unknown}
 m - 2 scrolls of fear {unknown}
 o - a scroll of remove curse {unknown}
 p - 2 scrolls of teleportation {unknown}
Potions
 g - 2 potions of curing {unknown}
 h - 2 potions of flight {unknown}
Comestibles
 b - 5 rations


   Skills:
 + Level 3.0 Fighting
 + Level 3.0 Dodging
 + Level 4.3 Unarmed Combat


You had 3 spell levels left.
You didn't know any spells.
Your spell library was empty.

Dungeon Overview and Level Annotations

Branches:
Dungeon (2/15)

Altars:
Okawaru


Innate Abilities, Weirdness & Mutations

You are too large for most types of armour.
You have claws for hands.
Your metabolism is lightning-fast.
You like to eat raw meat.
Your natural rate of healing is unusually fast.
You are covered in fur. (AC +1)
You have very tough skin. (AC +2)


Message History

Okay, then.
There is an open door here.
There is a stone staircase leading up here.
There is a stone staircase leading up here.
You climb upwards.
There is a stone staircase leading down here.
Number of times to repeat, then command key: You must enter the number of times for the command to repeat.
There is an escape hatch in the floor here.
You can't go up here!
You slide downwards.
The hatch slams shut behind you.
c - 10 scrolls labeled ZAMUHE EZ USU (gained 1)
There is an escape hatch in the ceiling here.
A mysterious force pulls you upwards. The hatch slams shut behind you.
There is an open door here.
There is a staircase leading out of the dungeon here.
Are you sure you want to leave the Dungeon?
This will make you lose the game!
Uppercase [Y]es or [N]o only, please.
Are you sure you want to leave the Dungeon?
This will make you lose the game!
You have escaped!

###.........#.#....###...........
.##...###..##########.#.#.#######
......# #.##§§§§§§§≈###.#.###
.###..###.#≈§§§§§§§§≈#......#
..........#§§#§§§§#§§##.#.#.###
......###.#≈§§§≈§§≈§≈#........#
#####.###.#§≈≈§≈§§ §§#..#.#.#.#
..........############......#.#
#########..'....@....#..#####.#
##############.## #.# #≈§≈§§§§
§§#.# #.# #§§§§§§§≈§≈#.# #.#
###########§§#§§≈≈#§§#.# #.#
#...>....##§§§§§§≈§§≈#.# #.#
#.######.###§§§§≈§§≈##.# #.# #.#
#.# ###########.# #.### ..# #.#
#.# #....


There were no monsters in sight!

Vanquished Creatures
  3 gnolls (D:2)
  3 adders (D:2)
  2 oozes
  A worm (D:2)
  2 dart slugs (D:2)
  A leopard gecko (D:2)
  4 bats
  4 hobgoblins
  3 jackals (D:1)
  8 frilled lizards (D:1)
  3 goblins (D:2)
  2 kobolds
  A rat (D:1)
37 creatures vanquished.

Notes
Turn   | Place    | Note
-------+----------+-------------------------------------------
     0 | D:1      | libra1 the Troll Berserker began the quest for the Orb.
     0 | D:1      | Reached XP level 1. HP: 22/22 MP: 0/0
   323 | D:1      | Reached XP level 2. HP: 29/29 MP: 1/1
   862 | D:2      | Reached XP level 3. HP: 36/36 MP: 2/2
   910 | D:2      | Reached skill level 4 in Unarmed Combat
   910 | D:2      | Reached XP level 4. HP: 45/45 MP: 3/3
   989 | D:2      | Reached ** piety under Trog
  1114 | D:2      | Found an iron altar of Okawaru.
  1996 | D:$      | Got out of the dungeon alive.

Skill      XL: |  1  2  3  4 |
---------------+-------------+-----
Fighting       | 3 |  3.0
Unarmed Combat | 4 |  4.3
Dodging        | 3 |  3.0

Action                   |  1- 3 |  4- 6 || total
-------------------------+-------+-------++-------
Melee: Unarmed           |    73 |    36 ||   109
       Punch             |     1 |     1 ||     2
  Eat: Chunk             |     7 |    10 ||    17
Armor: Animal skin       |    21 |     7 ||    28
Dodge: Dodged            |    38 |    16 ||    54
